PAA
RICHLAND RAILS @ SPRINGFIELD SHOOTERS
09/05/2022
 
TOP OF THE 1ST
Richland Rails batting - Pitching for Springfield Shooters : RHP Clarence Love
Pitching: RHP Clarence Love
Batting: RHB Ramón Cruz 0-0: Foul Ball, location: 2F
0-1: Ball
1-1: SINGLE (Line Drive, 4D)
Batting: SHB Jasper Otto 0-0: Called Strike
0-1: Ball
1-1: Ball
2-1: Grounds into double play, 6-4-3 (Groundball, 6)
Batting: RHB Brent Ryan 0-0: Ball
1-0: Ball
2-0: Foul Ball, location: 2F
2-1: Ball
3-1: Foul Ball, location: 2F
3-2: Foul Ball, location: 2F
3-2: Strikes out looking
Top of the 1st over - 0 run(s), 1 hit(s), 0 error(s), 0 left on base; Richland 0 - Springfield 0
BOTTOM OF THE 1ST
Springfield Shooters batting - Pitching for Richland Rails : RHP Miguel Hernández
Pitching: RHP Miguel Hernández
Batting: LHB Torquato Villani 0-0: Ball
1-0: Swinging Strike
1-1: Fly out, F7 (Flyball, 7LM)
Batting: RHB Roy Herring 0-0: Foul Ball, location: 2F
0-1: Fly out, F9 (Flyball, 9M)
Batting: RHB Ed Lee 0-0: Ball
1-0: Ball
2-0: Called Strike
2-1: Ball
3-1: Fly out, F7 (Line Drive, 78D)
Bottom of the 1st over - 0 run(s), 0 hit(s), 0 error(s), 0 left on base; Richland 0 - Springfield 0
TOP OF THE 2ND
Richland Rails batting - Pitching for Springfield Shooters : RHP Clarence Love
Batting: RHB Gustavo Berrios 0-0: Ball
1-0: Ball
2-0: Called Strike
2-1: Ball
3-1: Ground out 4-3 (Groundball, 4)
Batting: RHB Jack Davis 0-0: SINGLE (Line Drive, 6MD)
Batting: RHB Andrew Hall 0-0: Ball
1-0: Called Strike
1-1: Ball
2-1: Foul Ball, location: 2F
2-2: Ball
3-2: Strikes out swinging
Batting: RHB Larry Brown 0-0: Ball
1-0: Foul Ball, location: 2F
1-1: Foul Ball, location: 2F
1-2: Ground out 1-3 (Groundball, 15S)
Top of the 2nd over - 0 run(s), 1 hit(s), 0 error(s), 1 left on base; Richland 0 - Springfield 0
BOTTOM OF THE 2ND
Springfield Shooters batting - Pitching for Richland Rails : RHP Miguel Hernández
Batting: RHB José López 0-0: Ball
1-0: SINGLE (Groundball, 5D)
Batting: RHB Ethan Miller 0-0: Fly out, F5 (Line Drive, 56)
Batting: RHB Frank Crocker 0-0: Called Strike
Pickoff Throw to First - Out!
0-1: Called Strike
0-2: Fly out, F3 (Popup, 3SF)
Bottom of the 2nd over - 0 run(s), 1 hit(s), 0 error(s), 0 left on base; Richland 0 - Springfield 0
TOP OF THE 3RD
Richland Rails batting - Pitching for Springfield Shooters : RHP Clarence Love
Batting: RHB Kazu Hishida 0-0: Called Strike
0-1: Ball
1-1: Ball
2-1: Foul Ball, location: 2F
2-2: SINGLE (Groundball, 56D)
Batting: RHB Júlio Hernández 0-0: Swinging Strike
0-1: Called Strike
0-2: Ball
1-2: Strikes out swinging
Batting: RHB Ramón Cruz 0-0: Called Strike
0-1: Ball
1-1: Foul Ball, location: 2F
1-2: Strikes out swinging
Batting: SHB Jasper Otto 0-0: SINGLE (Flyball, 8LS)
Kazu Hishida to second
Runner from 2nd tries for 3rd, SAFE, no throw or cutoff
Batting: RHB Brent Ryan 0-0: Ball
1-0: Ground out 1-3 (Groundball, 23)
Top of the 3rd over - 0 run(s), 2 hit(s), 0 error(s), 2 left on base; Richland 0 - Springfield 0
BOTTOM OF THE 3RD
Springfield Shooters batting - Pitching for Richland Rails : RHP Miguel Hernández
Batting: LHB Ray Anderson 0-0: SOLO HOME RUN (Line Drive, 9LD), Distance : 357 ft
Batting: RHB Roberto Alonzo 0-0: Called Strike
0-1: Ball
1-1: Swinging Strike
1-2: Ball
2-2: Foul Ball, location: 2F
2-2: Strikes out swinging
Batting: SHB Jack Bell 0-0: Called Strike
0-1: Ball
1-1: Ball
2-1: Ground out 6-3 (Groundball, 6)
Batting: LHB Torquato Villani 0-0: Called Strike
0-1: Ball
1-1: Foul Ball, location: 2F
1-2: Ball
2-2: Ball
3-2: Base on Balls
Batting: RHB Roy Herring 0-0: Foul Ball, location: 2F
0-1: DOUBLE (Line Drive, 7LS)
Torquato Villani to third
Batting: RHB Ed Lee 0-0: Ball
1-0: Ball
2-0: Fly out, F3 (Popup, 3F)
Bottom of the 3rd over - 1 run(s), 2 hit(s), 0 error(s), 2 left on base; Richland 0 - Springfield 1
TOP OF THE 4TH
Richland Rails batting - Pitching for Springfield Shooters : RHP Clarence Love
Batting: RHB Gustavo Berrios 0-0: Ball
1-0: Called Strike
1-1: Foul Ball, location: 2F
1-2: Strikes out swinging
Batting: RHB Jack Davis 0-0: Ball
1-0: Ball
2-0: Called Strike
2-1: Ball
3-1: Ground out 5-3 (Groundball, 5)
Batting: RHB Andrew Hall 0-0: Called Strike
0-1: Foul Ball, location: 2F
0-2: Ball
1-2: Strikes out swinging
Top of the 4th over - 0 run(s), 0 hit(s), 0 error(s), 0 left on base; Richland 0 - Springfield 1
BOTTOM OF THE 4TH
Springfield Shooters batting - Pitching for Richland Rails : RHP Miguel Hernández
Batting: RHB José López 0-0: Ball
1-0: Foul Ball, location: 2F
1-1: Foul Ball, location: 2F
1-2: SINGLE (Line Drive, 6M)
Batting: RHB Ethan Miller 0-0: Called Strike
0-1: Ball
1-1: Foul Ball, location: 2F
1-2: Ball
2-2: DOUBLE (Groundball, 5D)
José López to third
Runner from 3rd tries for Home, SAFE, throw made home
Batting: RHB Frank Crocker 0-0: Ball
1-0: Called Strike
1-1: Ball
2-1: Foul Ball, location: 2F
2-2: Strikes out swinging
Batting: LHB Ray Anderson 0-0: Called Strike
0-1: Swinging Strike
0-2: Foul Ball, location: 2F
0-2: Ball
1-2: Strikes out swinging
Batting: RHB Roberto Alonzo 0-0: Called Strike
0-1: Foul Ball, location: 2F
0-2: Ball
1-2: SINGLE (Groundball, 4MD)
Ethan Miller to third
Runner from 3rd tries for Home, SAFE, no throw or cutoff
Batting: SHB Jack Bell 0-0: Called Strike
0-1: Fly out, F7 (Line Drive, 7S)
Bottom of the 4th over - 2 run(s), 3 hit(s), 0 error(s), 1 left on base; Richland 0 - Springfield 3
TOP OF THE 5TH
Richland Rails batting - Pitching for Springfield Shooters : RHP Clarence Love
Batting: RHB Larry Brown 0-0: Called Strike
0-1: Fly out, F8 (Flyball, 89D)
Batting: RHB Kazu Hishida 0-0: SINGLE (Line Drive, 56D)
Batting: RHB Júlio Hernández 0-0: SINGLE (Groundball, 56D)
Kazu Hishida to second
Batting: RHB Ramón Cruz 0-0: SINGLE (Line Drive, 4MD)
Kazu Hishida to third
Júlio Hernández to second
Batting: SHB Jasper Otto 0-0: Swinging Strike
0-1: Foul Ball, location: 2F
0-2: Fly out, F9 (Flyball, 9M)
Runner from 3rd tags up, SCORES, throw made
Batting: RHB Brent Ryan 0-0: Fielders Choice at 2nd, U6 (Groundball, 6M)
Top of the 5th over - 1 run(s), 3 hit(s), 0 error(s), 2 left on base; Richland 1 - Springfield 3
BOTTOM OF THE 5TH
Springfield Shooters batting - Pitching for Richland Rails : RHP Miguel Hernández
Batting: LHB Torquato Villani 0-0: Bunt for hit - play at first, batter safe!
Batting: RHB Roy Herring 0-0: Sac Bunt - play at second, runner OUT! 2-6
Batting: RHB Ed Lee 0-0: Called Strike
0-1: Called Strike
0-2: Foul Ball, location: 2F
0-2: Fly out, F4 (Popup, 4D)
Batting: RHB José López 0-0: Ball
1-0: Called Strike
1-1: Ground out 4-3 (Groundball, 34)
Bottom of the 5th over - 0 run(s), 1 hit(s), 0 error(s), 1 left on base; Richland 1 - Springfield 3
TOP OF THE 6TH
Richland Rails batting - Pitching for Springfield Shooters : RHP Clarence Love
Batting: RHB Gustavo Berrios 0-0: Ball
1-0: Called Strike
1-1: Ball
2-1: Foul Ball, location: 2F
2-2: Fly out, F8 (Flyball, 8LM)
Batting: RHB Jack Davis 0-0: Swinging Strike
0-1: Called Strike
0-2: Ball
1-2: SINGLE (Line Drive, 4M)
Batting: RHB Andrew Hall 0-0: Ball
1-0: Called Strike
1-1: Called Strike
1-2: Ball
2-2: Strikes out swinging
Batting: RHB Larry Brown 0-0: Fielders Choice at 2nd, 5-4 (Groundball, 56)
Top of the 6th over - 0 run(s), 1 hit(s), 0 error(s), 0 left on base; Richland 1 - Springfield 3
BOTTOM OF THE 6TH
Springfield Shooters batting - Pitching for Richland Rails : RHP Miguel Hernández
Batting: RHB Ethan Miller 0-0: Called Strike
0-1: Ball
1-1: Foul Ball, location: 2F
1-2: Foul Ball, location: 2F
1-2: Strikes out swinging
Batting: RHB Frank Crocker 0-0: Ball
1-0: Foul Ball, location: 2F
1-1: Ball
2-1: Swinging Strike
2-2: Foul Ball, location: 2F
2-2: Ball
3-2: Base on Balls
Batting: LHB Ray Anderson 0-0: Ball
1-0: Ball
2-0: Ball
3-0: Base on Balls
Frank Crocker to second
Batting: RHB Roberto Alonzo 0-0: Grounds into double play, 5-4-3 (Groundball, 56)
Bottom of the 6th over - 0 run(s), 0 hit(s), 0 error(s), 1 left on base; Richland 1 - Springfield 3
TOP OF THE 7TH
Richland Rails batting - Pitching for Springfield Shooters : RHP Clarence Love
Batting: RHB Kazu Hishida 0-0: Called Strike
0-1: SINGLE (Groundball, 4M)
Batting: RHB Júlio Hernández 0-0: Swinging Strike
0-1: Called Strike
0-2: Grounds into double play, 1-6-3 (Groundball, 13)
Batting: RHB Ramón Cruz 0-0: Ground out 6-3 (Groundball, 6)
Top of the 7th over - 0 run(s), 1 hit(s), 0 error(s), 0 left on base; Richland 1 - Springfield 3
BOTTOM OF THE 7TH
Springfield Shooters batting - Pitching for Richland Rails : RHP Miguel Hernández
Batting: SHB Jack Bell 0-0: Foul Ball, location: 2F
0-1: SINGLE (Groundball, 56D)
Batting: LHB Torquato Villani 0-0: Ball
1-0: Ball
2-0: Sac Bunt - play at second, runner OUT! 2-6
Batting: RHB Roy Herring 0-0: Called Strike
0-1: Ball
1-1: Fly out, F7 (Flyball, 78M)
Batting: RHB Ed Lee 0-0: Ball
1-0: Called Strike
1-1: Called Strike
1-2: Fly out, F6 (Popup, 6M)
Bottom of the 7th over - 0 run(s), 1 hit(s), 0 error(s), 1 left on base; Richland 1 - Springfield 3
TOP OF THE 8TH
Richland Rails batting - Pitching for Springfield Shooters : RHP Clarence Love
Pitching: RHP Rick Brewer
Batting: SHB Jasper Otto 0-0: Ground out 6-3 (Groundball, 6M)
Batting: RHB Brent Ryan 0-0: Ball
1-0: SINGLE (Groundball, 25) (infield hit)
Pitching: RHP Sam Green
Batting: RHB Gustavo Berrios 0-0: Called Strike
0-1: Ball
1-1: Ball
2-1: SINGLE (Groundball, 5D)
Brent Ryan to second
Batting: RHB Jack Davis 0-0: Ball
1-0: Ball
2-0: Foul Ball, location: 2F
2-1: Swinging Strike
2-2: Strikes out swinging
Batting: RHB Andrew Hall 0-0: Called Strike
0-1: Ball
1-1: Foul Ball, location: 2F
1-2: Fly out, F9 (Flyball, 89M)
Top of the 8th over - 0 run(s), 2 hit(s), 0 error(s), 2 left on base; Richland 1 - Springfield 3
BOTTOM OF THE 8TH
Springfield Shooters batting - Pitching for Richland Rails : RHP Miguel Hernández
Pitching: RHP Jim Unknown
Batting: RHB José López 0-0: Called Strike
0-1: Ground out 6-3 (Groundball, 6)
Batting: RHB Ethan Miller 0-0: Called Strike
0-1: Swinging Strike
0-2: Ball
1-2: Strikes out swinging
Batting: RHB Frank Crocker 0-0: Called Strike
0-1: Foul Ball, location: 2F
0-2: SINGLE (Groundball, 6MD)
Batting: LHB Ray Anderson 0-0: Ball
1-0: Ball
2-0: Ball
3-0: Base on Balls
Frank Crocker to second
Batting: RHB Roberto Alonzo 0-0: Called Strike
0-1: Called Strike
0-2: Strikes out swinging
Bottom of the 8th over - 0 run(s), 1 hit(s), 0 error(s), 2 left on base; Richland 1 - Springfield 3
TOP OF THE 9TH
Richland Rails batting - Pitching for Springfield Shooters : RHP Sam Green
Pitching: RHP Bryce Randolph
Batting: RHB Larry Brown 0-0: Called Strike
0-1: Called Strike
0-2: Ball
1-2: SOLO HOME RUN (Flyball, 7D), Distance : 363 ft
Pinch Hitting: LHB Ramón Félix 0-0: Ball
1-0: Ball
2-0: Ball
3-0: Base on Balls
Pinch Runner at 1st Bernardo Cruz:
Batting: RHB Júlio Hernández 0-0: Bunted foul
0-1: Sac Bunt - play at first, batter safe!
Bernardo Cruz to second
Pinch Hitting: LHB Chris Stoltzfus 0-0: Ball
1-0: Ball
2-0: Sac Bunt - play at first, batter OUT! 1-4
Bernardo Cruz to third
Júlio Hernández to second
Batting: SHB Jasper Otto 0-0: Called Strike
0-1: Ball
Wild Pitch!
Bernardo Cruz scores
Júlio Hernández to third
1-1: Called Strike
1-2: Foul Ball, location: 2F
1-2: Ball
2-2: Ground out 6-3 (Groundball, 6M)
Batting: RHB Brent Ryan 0-0: Called Strike
0-1: Swinging Strike
0-2: Ball
1-2: Strikes out swinging
Top of the 9th over - 2 run(s), 2 hit(s), 0 error(s), 1 left on base; Richland 3 - Springfield 3
BOTTOM OF THE 9TH
Springfield Shooters batting - Pitching for Richland Rails : RHP Jim Unknown
Pitching: RHP Jim Unknown
Now at SS: Shelby Reusch
Now in LF: Bernardo Cruz
Pinch Hitting: SHB Albert Santos 0-0: Called Strike
0-1: Fly out, F7 (Flyball, 7S)
Pinch Hitting: LHB Ismael Dolit 0-0: Foul Ball, location: 2F
0-1: Swinging Strike
0-2: Foul Ball, location: 2F
0-2: Strikes out swinging
Batting: RHB Roy Herring 0-0: Foul Ball, location: 2F
0-1: Ball
1-1: Foul Ball, location: 2F
1-2: Fly out, F7 (Flyball, 7D)
Bottom of the 9th over - 0 run(s), 0 hit(s), 0 error(s), 0 left on base; Richland 3 - Springfield 3
TOP OF THE 10TH
Richland Rails batting - Pitching for Springfield Shooters : RHP Bryce Randolph
Now at SS: Albert Santos
Now in CF: Mike Parker
Batting: RHB Gustavo Berrios 0-0: SINGLE (Line Drive, 89M)
Pinch Runner at 1st Roberto Madrid:
Batting: RHB Jack Davis 0-0: Ball
1-0: Ball
Throwing error on steal attempt, E2
Roberto Madrid to third
2-0: Called Strike
2-1: Called Strike
2-2: Foul Ball, location: 2F
2-2: Ball
3-2: Foul Ball, location: 2F
3-2: Base on Balls
Batting: RHB Andrew Hall 0-0: Foul Ball, location: 2F
0-1: Ball
1-1: Called Strike
1-2: Ball
2-2: Ball
3-2: Strikes out looking
Batting: RHB Larry Brown 0-0: Foul Ball, location: 2F
0-1: Foul Ball, location: 2F
0-2: Fly out, F9 (Flyball, 9M)
Runner from 3rd tags up, SCORES, no throw
Pitching: RHP Nate Arredondo
Batting: RHB Bernardo Cruz 0-0: Called Strike
0-1: Ball
1-1: Fielders Choice at 2nd, U4 (Groundball, 4M)
Top of the 10th over - 1 run(s), 1 hit(s), 1 error(s), 1 left on base; Richland 4 - Springfield 3
BOTTOM OF THE 10TH
Springfield Shooters batting - Pitching for Richland Rails : RHP Jim Unknown
Now in CF: Roberto Madrid
Batting: RHB Ed Lee 0-0: Called Strike
0-1: Swinging Strike
0-2: Ball
1-2: Strikes out looking
Batting: RHB José López 0-0: Ground out 1-3 (Groundball, 15S)
Batting: RHB Ethan Miller 0-0: Ground out 6-3 (Groundball, 6M)
Bottom of the 10th over - 0 run(s), 0 hit(s), 0 error(s), 0 left on base; Richland 4 - Springfield 3
This league is powered by Out of the Park Baseball, the baseball management simulation game for PC, Mac and Linux
Friday, April 15th, 2016 - OOTP Baseball 16.9 Build 39